 Dungeon Crawl Stone Soup version 0.28-a0-622-gbaef9634d7 (webtiles) character file.

Game seed: 10135334851403408301

753 mordus the Cleaver (level 7, -1/57 HPs)
             Began as a Hill Orc Fighter on Oct 7, 2021.
             Slain by Crazy Yiuf (3 damage)
             ... on level 4 of the Dungeon.
             The game lasted 00:08:55 (4442 turns).

mordus the Cleaver (Hill Orc Fighter)               Turns: 4442, Time: 00:08:55

Health: -1/57      AC: 12    Str: 25    XL:     7   Next: 79%
Magic:  5/7        EV: 10    Int: 10    God:
Gold:   219        SH:  0    Dex: 16    Spells: 6/6 levels left

rFire   . . .      SeeInvis .   s - +2 hand axe of Skirmishing {distort, Int+2 Dex+2}
rCold   x . .      Faith    .   c - +0 buckler
rNeg    . . .      Spirit   .   b - +0 scale mail
rPois   .          Reflect  .   k - +0 helmet
rElec   +          Harm     .   t - +0 cloak "Julazet" {rElec rC- Str+4 Dex+4}
rCorr   .          Rampage  .   (no gloves)
Will    .....                   o - +1 pair of boots
Stlth   ..........              (no amulet)
HPRegen 0.19/turn               (no ring)
MPRegen 0.10/turn               (no ring)

@: confused
A: no striking features
a: no special abilities


You were on level 4 of the Dungeon.
You visited 1 branch of the dungeon, and saw 6 of its levels.

You collected 219 gold pieces.

Inventory:

Hand Weapons
 a - a +0 war axe
 s - the +2 hand axe of Skirmishing (weapon) {distort, Int+2 Dex+2}
   (You found it on level 4 of the Dungeon)

   It warps and distorts space around it, and may blink, banish, or inflict
   extra damage upon those it strikes.
   Unwielding it can cause banishment or high damage.
   Int:       It affects your intelligence (+2).
   Dex:       It affects your dexterity (+2).
Missiles
 h - a throwing net (quivered)
Armour
 b - a +0 scale mail (worn)
 c - a +0 buckler (worn)
 e - a +0 chain mail
 k - a +0 helmet (worn)
 o - a +1 pair of boots (worn)
 t - the +0 cloak "Julazet" (worn) {rElec rC- Str+4 Dex+4}
   (You found it on level 4 of the Dungeon)

   Str:       It affects your strength (+4).
   Dex:       It affects your dexterity (+4).
   rC:        It makes you vulnerable to cold.
   rElec:     It insulates you from electricity.
Wands
 q - a wand of charming (9)
Scrolls
 f - 3 scrolls of identify {unknown}
 l - a scroll of vulnerability {unknown}
 m - a scroll of noise {unknown}
 p - a scroll of magic mapping {unknown}
Potions
 d - 2 potions of might
 g - 2 potions of magic {unknown}
 i - a potion of lignification
 j - a potion of brilliance {unknown}
 n - 2 potions of degeneration {unknown}
 r - 2 potions of curing {unknown}


   Skills:
 - Level 3.6 Fighting
 * Level 8.2 Axes
 + Level 5.6 Armour
 + Level 5.5 Shields


You had 6 spell levels left.
You didn't know any spells.
Your spell library was empty.

Dungeon Overview and Level Annotations

Branches:
Dungeon (6/15)
 Temple: D:4-7

Altars:
Ashenzari
Cheibriados
Ru
Wu Jian

Annotations:
D:4 Crazy Yiuf


Message History

The ufetubus disappears in a puff of smoke!
The rat disappears in a puff of smoke!
You feel your dexterity returning.
Your Axes skill increases to level 8!
You now have 219 gold pieces (gained 13).
Things that are here:
a +0 falchion; a +0 leather armour
Things that are here:
a +0 falchion; a +0 leather armour HP restored.
Crazy Yiuf shouts!
You open the door.
Crazy Yiuf says, "Race!
Snoogle King wrapper."
You closely miss Crazy Yiuf.
Crazy Yiuf says, "Crazy?
Crazy!?
PORCUPINE!"
Crazy Yiuf hits you with a +4 quarterstaff of chaos!
You slash Crazy Yiuf!
Space bends around Crazy Yiuf.
Crazy Yiuf is heavily wounded.
Crazy Yiuf hits you with a +4 quarterstaff of chaos.
Crazy Yiuf freezes you.
You closely miss Crazy Yiuf.
Crazy Yiuf is heavily wounded.
Crazy Yiuf hits you with a +4 quarterstaff of chaos.
You are confused.
You bump into the stone wall.
Crazy Yiuf hits you with a +4 quarterstaff of chaos.
You feel your power leaking away.
You bump into the tree.
Crazy Yiuf hits you with a +4 quarterstaff of chaos!
Crazy Yiuf burns you!
* * * LOW HITPOINT WARNING * * *
You closely miss Crazy Yiuf.
Crazy Yiuf is heavily wounded.
Crazy Yiuf hits you but does no damage.
You hit Crazy Yiuf.
Crazy Yiuf is heavily wounded.
Crazy Yiuf hits you with a +4 quarterstaff of chaos!
* * * LOW HITPOINT WARNING * * *
Crazy Yiuf freezes you.
You die...

##..#####......#≈≈≈≈
#...)# ######..####
♣..P.♣ #.##≈≈≈ ♣...♣♣
##.#≈### ♣♣.♣♣ #..#≈##≈
♣.♣♣ ###.#≈#≈# ♣♣.♣
####...#≈##≈ ♣.♣♣
#......#≈### ♣♣@♣
#......##≈.≈ #g#
#.......#### ...
#....#...... #...#
#..#.#...... #..)#
#.##........ #####
###....##... #...#.....#.
#########..#..###...
######..........#.##.##..


You could see Crazy Yiuf.

Vanquished Creatures
  Sigmund (D:4)
  Eustachio (D:4)
  A howler monkey (D:4)
  3 hounds
  Terence (D:3)
  2 iguanas (D:4)
  An orc wizard (D:4)
  Robin (D:3)
  7 adders
  4 gnolls (D:5)
  2 worms (D:2)
  2 dart slugs
  2 orcs (D:4)
  7 ball pythons
  9 bats
  4 endoplasms
  7 giant cockroaches
  20 goblins
  14 hobgoblins
  3 jackals (D:4)
  9 kobolds
  3 quokkas
  3 frilled lizards
  5 rats
112 creatures vanquished.

Vanquished Creatures (others)
  7 fungi (D:4)
7 creatures vanquished.

Grand Total: 119 creatures vanquished

Notes
Turn   | Place    | Note
-------+----------+-------------------------------------------
     0 | D:1      | mordus the Hill Orc Fighter began the quest for the Orb.
     0 | D:1      | Reached XP level 1. HP: 19/19 MP: 1/1
    33 | D:1      | Reached skill level 3 in Axes
    42 | D:1      | Reached XP level 2. HP: 10/26 MP: 2/2
   593 | D:1      | Reached XP level 3. HP: 31/31 MP: 3/3
   744 | D:2      | Reached skill level 4 in Axes
   941 | D:2      | HP: 2/46 [poisoned by an adder]
  1299 | D:2      | Found a snail-covered altar of Cheibriados.
  1323 | D:2      | Reached XP level 4. HP: 37/39 MP: 4/4
  1691 | D:2      | Found a faded altar of an unknown god.
  2108 | D:3      | Noticed Robin
  2125 | D:3      | Killed Robin
  2126 | D:3      | Reached skill level 5 in Axes
  2356 | D:3      | Reached XP level 5. HP: 42/45 MP: 5/5
  2560 | D:3      | Noticed Terence
  2577 | D:3      | Killed Terence
  2997 | D:4      | Found a broken altar of Ashenzari.
  3124 | D:4      | Reached skill level 6 in Axes
  3124 | D:4      | Reached XP level 6. HP: 38/51 MP: 6/6
  3270 | D:4      | Found an ornate altar of the Wu Jian Council.
  3289 | D:4      | Noticed Sigmund
  3510 | D:4      | Killed Sigmund
  3511 | D:4      | Reached skill level 7 in Axes
  3511 | D:4      | Reached skill level 5 in Armour
  3511 | D:4      | Reached skill level 5 in Shields
  3511 | D:4      | Reached XP level 7. HP: 55/57 MP: 7/7
  3764 | D:4      | Identified the +2 hand axe of Skirmishing {distort, Int+2
                  | Dex+2}
  3915 | D:4      | You fall into a shaft and drop 2 floors!
  3919 | D:5      | Entered Level 5 of the Dungeon
  4056 | D:4      | Identified the +0 cloak "Julazet" {rElec rC- Str+4 Dex+4}
  4084 | D:4      | Found a sacrificial altar of Ru.
  4165 | D:4      | Found a runed translucent door.
  4166 | D:4      | Noticed Crazy Yiuf
  4345 | D:4      | Noticed Eustachio
  4375 | D:4      | Killed Eustachio
  4376 | D:4      | Reached skill level 8 in Axes
  4442 | D:4      | HP: 2/57 [Crazy Yiuf (12)]
  4442 | D:4      | Slain by Crazy Yiuf

Illustrated notes

Levels and vault maps discovered:
D:1:      evilmike_arrival_plus, layout_rooms
D:2:      layout_basic, dreamdust_ecumenical_altar_statues, basic_altar
D:3:      layout_basic, serial_corexii_hall, chequers_hall_statues_corner_a,
          chequers_hall_statues_corner_a, uniq_robin, uniq_terence
D:4:      cheibrodos_greedy_goblins, layout_cave_pools,
          nzn_wu_jian_council_hall, nicolae_ru_great_annihilating_truth,
          mainiacjoe_overflow_boulevard, gup_sewer_entry_spiral, uniq_sigmund,
          uniq_eustachio, uniq_crazy_yiuf_cottage
D:5:      layout_loops_corners
D:6:      layout_basic, jmf_multi_god_temple2, uniq_duvessa

Skill      XL: |  1  2  3  4  5  6  7 |
---------------+----------------------+-----
Axes           | 3 4 5 6 7 8 |  8.2
Armour         | 4 5 |  5.6
Shields        | 4 5 |  5.5
Fighting       | |  3.6

Action                   |  1- 3 |  4- 6 |  7- 9 || total
-------------------------+-------+-------+-------++-------
Melee: War axe           |   104 |   178 |    32 ||   314
       Hand axe          |       |       |    47 ||    47
  Use: Potion            |     3 |       |       ||     3
Armor: Scale mail        |    67 |   121 |    33 ||   221
Dodge: Dodged            |    50 |   117 |    29 ||   196
Block: Buckler           |    27 |    61 |    12 ||   100

Table legend: (Time is in decaauts)
 A = Elapsed time spent in this place.
 B = Non-inter-level travel time spent in this place.
 C = Inter-level travel time spent in this place.
 D = Time resting spent in this place.
 E = Time spent auto-exploring this place.
 F = Levels seen in this place.
 G = Mean time per level.
                   A        B        C        D        E       F      G
               +--------+--------+--------+--------+--------+-----+--------+
         Total |   4538 |   4498 |     40 |    503 |   3044 |   6 |  756.3 |
       Dungeon |   4538 |   4498 |     40 |    503 |   3044 |   6 |  756.3 |
               +--------+--------+--------+--------+--------+-----+--------+

Top non-repeatable levels by time:
     D:2: 1284 daAuts
     D:4: 1191 daAuts
     D:3: 1188 daAuts
     D:1: 755 daAuts
     D:5: 115 daAuts
     D:6: 3 daAuts
